 Dungeon Sprint DCSS version 0.30.1-4-g462c640d31 (webtiles) character file.

Game seed: 7519588314584278100

110 Heoruswealwe the Prestidigitator (level 4, -2/21 HPs)
             Began as a Spriggan Artificer on Aug 29, 2023.
             Killed from afar by Sigmund (9 damage)
             ... with a puff of flame
             ... in the Dungeon (Sprint I: "Red Sonja").
             The game lasted 00:01:50 (108 turns).

Heoruswealwe the Prestidigitator (SpAr)              Turns: 108, Time: 00:01:51

Health: -2/21      AC:  2    Str:  8    XL:     4   Next: 61%
Magic:  5/5        EV: 20    Int: 14    God:
Gold:   108        SH:  0    Dex: 15    Spells: 3/3 levels left

rFire   . . .        a - +0 club
rCold   . . .        (no shield)
rNeg    . . .        b - +0 robe
rPois   .            (helmet restricted)
rElec   .            (no cloak)
rCorr   .            (gloves unavailable)
SInv    +            (boots unavailable)
Will    .....        (no amulet)
Stlth   ++++         (no ring)
HPRegen 0.23/turn    (no ring)
MPRegen 0.09/turn

%: no teleportation
@: very quick
A: very small, no large weapons, unfitting armour, see invisible, speed 3
a: no special abilities


You were in the Dungeon.
You visited 1 branch You collected 108 gold pieces.

Inventory:

Hand Weapons
 a - a +0 club (weapon)
Armour
 b - a +0 robe (worn)
Wands
 d - a wand of charming (15)
 e - a wand of iceblast (2)
 g - a wand of digging (5)
Scrolls
 k - a scroll of blinking
Potions
 f - a potion of curing
 h - a potion of haste
 i - 2 potions of magic
 j - a potion of berserk rage
 l - a potion of attraction {unknown}


   Skills:
 - Level 0.7 Fighting
 + Level 6.8 Dodging
 + Level 7.2 Stealth
 * Level 9.4 Evocations


You had 3 spell levels left.
You didn't know any spells.
Your spell library was empty.

Dungeon Overview and Level Annotations

Branches:
Dungeon (1/1)

Altars:

Annotations:
D Sigmund


Innate Abilities, Weirdness & Mutations

You are very small and have problems with some larger weapons.
You are too small for most types of armour.
You have supernaturally acute eyesight. (SInv)
You cover ground extremely quickly. (Speed+++)


Message History

You closely miss Sigmund.
Sigmund is almost dead.
Sigmund misses you.
You closely miss Sigmund.
Sigmund is almost dead.
You hit Sigmund.
Sigmund is almost dead.
Sigmund completely misses you.
You hit Sigmund.
Sigmund is almost dead.
Sigmund completely misses you.
You hit Sigmund.
Sigmund is almost dead.
Sigmund closely misses you.
You completely miss Sigmund.
Sigmund is almost dead.
Sigmund misses you.
You hit Sigmund but do no damage.
Sigmund is almost dead.
Sigmund barely misses you.
You barely miss Sigmund.
Sigmund is almost dead.
Sigmund barely misses you.
You closely miss Sigmund.
Sigmund is almost dead.
You barely miss Sigmund.
Sigmund is almost dead.
Sigmund hits you with a +0 scythe!
Ouch! That really hurt!
You closely miss Sigmund.
Sigmund is almost dead.
Sigmund casts a spell at you. The magic dart hits you. Sigmund misses you.
You hit Sigmund but do no damage.
Sigmund is almost dead.
You hit Sigmund but do no damage.
Sigmund is almost dead.
Sigmund gestures at you while chanting. The puff of flame hits you!
You die...

#############
#<.#..'..#..+
#..'..#..@@.#
#.)#####'####
#).# #..#
#..# ####
#..# #⌠⌠#
##.# #..#
####


You could see Sigmund (invisible).

Vanquished Creatures
  An ogre (D)
  Ijyb (D)
2 creatures vanquished.

Notes
Turn   | Place    | Note
-------+----------+-------------------------------------------
     0 | D        | Heoruswealwe the Spriggan Artificer began the quest for the
                  | Orb.
     0 | D        | Reached XP level 1. HP: 9/9 MP: 2/2
     1 | D        | Noticed Ijyb
    16 | D        | Killed Ijyb
    17 | D        | Reached skill level 6 in Evocations
    17 | D        | Reached XP level 2. HP: 5/14 MP: 3/3
    66 | D        | Noticed an ogre
    74 | D        | Killed an ogre
    75 | D        | Reached skill level 9 in Evocations
    75 | D        | Reached XP level 3. HP: 17/17 MP: 4/4
    75 | D        | Reached XP level 4. HP: 21/21 MP: 5/5
    89 | D        | Noticed Sigmund
   108 | D        | Killed from afar by Sigmund

Illustrated notes

Levels and vault maps discovered:
D:        dungeon_sprint_1 [red_sonja_temple_1, red_sonja_temple_small_1]

Skill      XL: |  1  2 |
---------------+-------+-----
Dodging        | 4 6 |  6.8
Stealth        | 4 7 |  7.2
Evocations     | 6 9 |  9.4
Fighting       | |  0.7

Action                     |  1- 3 |  4- 6 || total
---------------------------+-------+-------++-------
  Melee: Club              |       |    15 ||    15
  Evoke: Wand              |    16 |     3 ||    19
    Use: Potion            |     1 |       ||     1
  Dodge: Dodged            |     6 |    11 ||    17
